 Dungeon Crawl Stone Soup version 0.29-a0-994-gc5c9f59d18 (webtiles) character file.

Game seed: 12527544620916859833

667 KyoPewz the Grave Robber (level 7, -2/40 HPs)
             Began as a Deep Elf Necromancer on Aug 3, 2022.
             Slain by a steam dragon (3 damage)
             ... on level 5 of the Dungeon.
             The game lasted 00:17:41 (4252 turns).

KyoPewz the Grave Robber (Deep Elf Necromancer)     Turns: 4252, Time: 00:17:42

Health: -2/40      AC:  6    Str:  5    XL:     7   Next: 31%
Magic:  4/16       EV: 13    Int: 22    God:
Gold:   150        SH:  0    Dex: 21    Spells: 5/16 levels left

rFire   . . .      SeeInvis .   a - +11 spear "Doavvoklod" {vamp, rN+ Dex+6}
rCold   . . .      Faith    .   (no shield)
rNeg    + . .      Spirit   .   h - +1 robe {Will+}
rPois   .          Reflect  .   r - +0 helmet
rElec   .          Harm     .   k - +0 cloak
rCorr   .          Rampage  .   (no gloves)
Will    +....                   n - +0 pair of boots
Stlth   +++.......              (no amulet)
HPRegen 0.13/turn               (no ring)
MPRegen 0.15/turn               (no ring)

@: very slightly contaminated
A: no striking features
a: no special abilities


You were on level 5 of the Dungeon.
You visited 1 branch of the dungeon, and saw 5 of its levels.

You collected 240 gold pieces.
You spent 90 gold pieces at shops.

Inventory:

Hand Weapons
 a - the +11 spear "Doavvoklod" (weapon) {vamp, rN+ Dex+6}
   (You found it on level 2 of the Dungeon)

   It occasionally heals its wielder for a portion of the damage dealt when it
   wounds a living foe.
   Dex:       It affects your dexterity (+6).
   rN:        It protects you from negative energy.
 b - the +9 dagger "Faabilau" {spect, Str+2 Int+2 SInv}
   (You found it on level 3 of the Dungeon)

   When its wielder attacks, the weapon's spirit leaps out and strikes again.
   The spirit shares a part of any damage it takes with its wielder.
   Str:       It affects your strength (+2).
   Int:       It affects your intelligence (+2).
   SInv:      It lets you see invisible.
Missiles
 f - 67 stones
Armour
 h - a +1 robe of willpower (worn)
 k - a +0 cloak (worn)
 n - a +0 pair of boots (worn)
 r - a +0 helmet (worn)
Jewellery
 p - a +4 ring of protection
Wands
 e - a wand of flame (13)
 t - a wand of polymorph (3)
Scrolls
 d - 6 scrolls of teleportation
 g - a scroll of enchant weapon
 l - 3 scrolls of identify
 o - 3 scrolls of butterflies
Potions
 c - a potion of magic
 i - a potion of invisibility {unknown}
 m - 2 potions of lignification {unknown}
 q - a potion of berserk rage
 s - a potion of might
 u - 3 potions of curing
 v - a potion of mutation {unknown}


   Skills:
 + Level 2.3 Fighting
 + Level 2.0 Polearms
 - Level 2.6 Dodging
 - Level 2.7 Stealth
 - Level 5.0 Spellcasting
 + Level 7.1 Necromancy
 + Level 3.8 Translocations


You had 5 spell levels left.
You knew the following spells:

 Your Spells              Type           Power      Damage    Failure   Level
a - Necrotise             Necr           100%       1d9       1%          1
b - Vampiric Draining     Necr           36%        2d8       1%          3
c - Gell's Gravitas       Tloc           22%        N/A       6%          3
d - Animate Dead          Necr           36%        N/A       5%          4

Your spell library contained the following spells:

 Spells                   Type           Power      Damage    Failure   Level
 Teleport Other           Tloc           22%        N/A       6%          3
 Summon Small Mammal      Summ           20%        N/A       10%         1
 Agony                    Necr           36%        N/A       16%         5
 Passage of Golubria      Tloc           22%        N/A       22%         4
 Call Canine Familiar     Summ           5%         N/A       30%         3
 Ignite Poison            Fire/Tmut/Pois 5%         N/A       30%         3
 Mephitic Cloud           Conj/Pois/Air  5%         N/A       30%         3
 Ozocubu's Armour         Ice            5%         N/A       30%         3
 Summon Guardian Golem    Hex/Summ       5%         N/A       30%         3
 Freezing Cloud           Conj/Ice/Air   2%         6-21      95%         5
 Metabolic Englaciation   Hex/Ice        2%         N/A       95%         5
 Silence                  Hex/Air        2%         N/A       95%         5
 Dispersal                Tloc           11%        N/A       97%         6
 Simulacrum               Ice/Necr       10%        N/A       98%         6
 Lehudib's Crystal Spear  Conj/Erth      2%         10d2      100%        8


Dungeon Overview and Level Annotations

Branches:
Dungeon (5/15)
 Temple: D:4-7

Altars:

Shops:
D:3 *


Message History

Casting: Vampiric Draining (safe; 1% risk of failure)
Confirm with . or Enter, or press ? or * to list all spells.
Aiming: Gell's Gravitas (dangerous; 6% risk of failure)
Press: ? - help, Dir - move target, f/p - steam dragon
Aim: a steam dragon (steam, lightly wounded, catching its breath)
You miscast Gell's Gravitas.
You are very lightly contaminated with residual magic.
Nothing appears to happen.
The steam dragon bites you but does no damage.
The steam dragon claws you.
Casting: Gell's Gravitas (dangerous; 6% risk of failure)
Confirm with . or Enter, or press ? or * to list all spells.
Aiming: Gell's Gravitas (dangerous; 6% risk of failure)
Press: ? - help, Dir - move target, f/p - steam dragon
Aim: a steam dragon (lightly wounded, catching its breath) Gravity reorients around the steam dragon.
The steam dragon bites you.
* * * LOW HITPOINT WARNING * * *
The steam dragon claws you but does no damage.
Casting: Gell's Gravitas (dangerous; 6% risk of failure)
Confirm with . or Enter, or press ? or * to list all spells.
Aiming: Gell's Gravitas (dangerous; 6% risk of failure)
Press: ? - help, Dir - move target, f/p - steam dragon
Aim: a steam dragon (lightly wounded) Gravity reorients around the steam dragon.
The steam dragon collides with the steam dragon!
The steam dragon breathes steam at you. The ball of steam misses you.
Casting: Gell's Gravitas (dangerous; 6% risk of failure)
Confirm with . or Enter, or press ? or * to list all spells.
Aiming: Gell's Gravitas (dangerous; 6% risk of failure)
Press: ? - help, Dir - move target, f/p - steam dragon
Aim: a steam dragon (lightly wounded, catching its breath) Gravity reorients around the steam dragon.
You are engulfed in a cloud of scalding steam.
* * * LOW HITPOINT WARNING * * *
The steam dragon bites you!
* * * LOW HITPOINT WARNING * * *
The steam dragon claws you.
You die...

##~P## ~.P...
^P...^ ......
......
#########.~....
#)...ยงยง@D#
####
##...####.#
.#.######...##
###
.#.........##
.####....###
.........#
..###....# ..#
#.#..# .##
#.#....#


You could see a steam dragon (catching breath).

Vanquished Creatures
  2 phantoms (D:4)
  2 scorpions (D:4)
  A howler monkey (D:4)
  A hound (D:4)
  2 orc priests (D:4)
  Terence (D:2)
  Jessica (D:2)
  An iguana (D:4)
  Robin (D:2)
  6 adders
  3 gnolls (D:4)
  An ufetubus (D:4)
  A worm (D:3)
  5 dart slugs
  7 orcs
  7 endoplasms
  3 giant cockroaches
  18 goblins
  3 hobgoblins
  3 jackals (D:1)
  2 kobolds
  4 quokkas
  3 ball pythons
  2 bats
  2 frilled lizards (D:1)
  4 rats
86 creatures vanquished.

Vanquished Creatures (collateral kills)
  A ball python (D:1)
  A bat (D:1)
2 creatures vanquished.

Grand Total: 88 creatures vanquished

Notes
Turn   | Place    | Note
-------+----------+-------------------------------------------
     0 | D:1      | KyoPewz the Deep Elf Necromancer began the quest for the
                  | Orb.
     0 | D:1      | Reached XP level 1. HP: 10/10 MP: 6/6
   203 | D:1      | Reached skill level 5 in Necromancy
   230 | D:1      | Reached XP level 2. HP: 15/15 MP: 5/8
   999 | D:2      | Noticed Robin
  1001 | D:2      | Reached XP level 3. HP: 19/19 MP: 8/10
  1254 | D:1      | Learned a level 3 spell: Vampiric Draining
  1258 | D:1      | Learned a level 3 spell: Gell's Gravitas
  1417 | D:2      | Killed Robin
  1447 | D:2      | Reached skill level 1 in Translocations
  1688 | D:2      | Noticed Terence
  1695 | D:2      | Killed Terence
  1696 | D:2      | Reached XP level 4. HP: 24/24 MP: 4/12
  2015 | D:2      | Identified the +11 spear "Doavvoklod" {vamp, rN+ Dex+6}
  2186 | D:2      | Noticed Jessica
  2204 | D:2      | Killed Jessica
  2205 | D:2      | Reached skill level 6 in Necromancy
  2205 | D:2      | Reached XP level 5. HP: 28/28 MP: 12/14
  2487 | D:3      | Identified the +9 dagger "Faabilau" {spect, Str+2 Int+2
                  | SInv}
  2707 | D:3      | Found Wuatijalup's General Store.
  2733 | D:3      | Bought a potion of berserk rage for 50 gold pieces
  2733 | D:3      | Bought a potion of might for 40 gold pieces
  3007 | D:4      | Noticed a phantom
  3033 | D:4      | Killed a phantom
  3034 | D:4      | Reached skill level 1 in Fighting
  3034 | D:4      | Reached skill level 5 in Spellcasting
  3140 | D:4      | Learned a level 4 spell: Animate Dead
  3190 | D:4      | Reached skill level 1 in Polearms
  3190 | D:4      | Reached XP level 6. HP: 34/34 MP: 15/15
  3570 | D:4      | Reached XP level 7. HP: 30/40 MP: 9/16
  3672 | D:4      | Reached skill level 7 in Necromancy
  4216 | D:5      | Entered Level 5 of the Dungeon
  4242 | D:5      | Noticed a steam dragon
  4244 | D:5      | Noticed a steam dragon
  4252 | D:5      | HP: 1/40 [steam dragon (7)]
  4252 | D:5      | Slain by a steam dragon

Illustrated notes

Levels and vault maps discovered:
D:1:      grunt_arrival_lava_bath, layout_loops_ring, minmay_box_of_dots
D:2:      layout_loops_ring, bh_walls_and_bars, uniq_jessica, uniq_robin,
          uniq_terence
D:3:      layout_rooms, serial_shops, nicolae_shop_advertising_works
          [nicolae_subvault_shop_adworks]
D:4:      layout_basic, nicolae_elevator_lobby_plus
D:5:      kennysheep_steamy, layout_rooms

Skill      XL: |  1  2  3  4  5  6  7 |
---------------+----------------------+-----
Necromancy     | 5 6 7 |  7.1
Spellcasting   | 4 5 |  5.0
Translocations | 1 2 3 |  3.8
Fighting       | 1 2 |  2.3
Polearms       | 1 2 |  2.0
Dodging        | |  2.6
Stealth        | |  2.7

Action                   |  1- 3 |  4- 6 |  7- 9 || total
-------------------------+-------+-------+-------++-------
Melee: Unarmed           |     3 |       |       ||     3
       Spear             |     9 |    98 |    55 ||   162
       Dagger            |     3 |       |       ||     3
 Cast: Necrotise         |    67 |     7 |       ||    74
       Vampiric Draining |     1 |     2 |       ||     3
       Gell's Gravitas   |       |       |     3 ||     3
  Use: Scroll            |       |     5 |     2 ||     7
 Stab: Sleeping          |     1 |    12 |     1 ||    14
       Distracted        |       |       |     1 ||     1
Armor: Robe              |    18 |    22 |    13 ||    53
Dodge: Dodged            |    46 |    37 |    26 ||   109

Table legend: (Time is in decaauts)
 A = Elapsed time spent in this place.
 B = Non-inter-level travel time spent in this place.
 C = Inter-level travel time spent in this place.
 D = Time resting spent in this place.
 E = Time spent auto-exploring this place.
 F = Levels seen in this place.
 G = Mean time per level.
                   A        B        C        D        E       F      G
               +--------+--------+--------+--------+--------+-----+--------+
         Total |   4258 |   4096 |    162 |    166 |   3018 |   5 |  851.6 |
       Dungeon |   4258 |   4096 |    162 |    166 |   3018 |   5 |  851.6 |
               +--------+--------+--------+--------+--------+-----+--------+

Top non-repeatable levels by time:
     D:1: 1404 daAuts
     D:4: 1283 daAuts
     D:2: 1027 daAuts
     D:3: 508 daAuts
     D:5: 35 daAuts
